 Dungeon Crawl Stone Soup version 0.23-b1-49-g13d5857 (webtiles) character file.

Game seed: 11183640743803135166

108652 poirepourri the Peltast (level 16, 0/101 HPs)
             Began as a Gargoyle Fighter on Feb 3, 2019.
             Was the Champion of Cheibriados.
             Slain by a naga warrior
             ... wielding a +0 dire flail
              (1 damage)
             ... on level 2 of the Snake Pit.
             The game lasted 00:34:52 (26953 turns).

poirepourri the Peltast (Gargoyle Fighter)         Turns: 26953, Time: 00:34:52

Health: 0/101      AC: 27    Str: 46    XL:     16   Next: 50%
Magic:  25/25      EV: 20    Int: 25    God:    Cheibriados [******]
Gold:   1072       SH: 19    Dex: 31    Spells: 15/15 levels left

rFire    . . .     SeeInvis +   a - +10 mace "Tuhot" {venom, *Slow rN+ Str+10}
rCold    . . .     Gourm    .   c - +1 shield
rNeg     + + .     Faith    .   v - +3 ring mail of Gozag's Outrage {rElec Dex+2 SInv}
rPois    ∞         Spirit   .   A - +0 hat {MR+}
rElec    +         Reflect  .   j - +0 cloak
rCorr    .         Harm     .   w - +0 pair of gloves
MR       +++..                  (no boots)
Stlth    ++........             (no amulet)
HPRegen  0.26/turn              q - +3 ring of protection
MPRegen  0.19/turn              n - ring of protection from magic

@: constricted, very slow
A: big wings, negative energy resistance 1, electricity resistance, unbreathing,
petrification resistance, rot immunity, AC +12
a: Fly, Bend Time, Temporal Distortion, Slouch, Step From Time, Renounce
Religion


You were on level 2 of the Snake Pit.
You worshipped Cheibriados.
Cheibriados was exalted by your worship.
You were very full.

You visited 6 branches of the dungeon, and saw 24 of its levels.
You also visited: Sewer and Bailey.

You collected 2030 gold pieces.
You spent 958 gold pieces at shops.

Inventory:

Hand Weapons
 a - the +10 mace "Tuhot" (weapon) {venom, *Slow rN+ Str+10}
   (You took it off a wight on level 7 of the Dungeon)

   It poisons the flesh of those it strikes.
   It affects your strength (+10).
   It protects you from negative energy.
   It may slow you when you take damage.
 b - a +2 hand crossbow
 C - the +6 war axe "Gepreadd" {pain, MR+ Int+4 Dex+9}
   (You bought it in a shop on level 1 of the Orcish Mines)

   In the hands of one skilled in necromantic magic, it inflicts extra damage on
   living creatures.
   It affects your intelligence (+4).
   It affects your dexterity (+9).
   It affects your resistance to hostile enchantments.
Missiles
 e - 8 steel tomahawks
 i - 56 tomahawks
 p - 6 javelins (quivered)
 F - 153 bolts
 M - a throwing net
Armour
 c - a +1 shield (worn)
 j - a +0 cloak (worn)
 v - the +3 ring mail of Gozag's Outrage (worn) {rElec Dex+2 SInv}
   (You found it on level 1 of the Snake Pit)

   It affects your dexterity (+2).
   It insulates you from electricity.
   It lets you see invisible.
 w - a +0 pair of gloves (worn)
 A - a +0 hat of magic resistance (worn)
Jewellery
 f - an uncursed ring of protection from cold
 g - an uncursed ring of see invisible
 h - an uncursed ring of ice
 k - an uncursed ring of fire
 n - a ring of protection from magic (right hand)
 q - a +3 ring of protection (left hand)
 u - an uncursed ring of resist corrosion
Wands
 r - a wand of paralysis (2)
 B - a wand of iceblast (8)
 G - a wand of enslavement (7)
Scrolls
 d - 9 scrolls of remove curse
 s - 4 scrolls of teleportation
 t - 2 scrolls of identify
 y - a scroll of magic mapping
 O - a scroll of holy word
Potions
 m - 2 potions of cancellation
 o - 2 potions of curing
 x - 3 potions of magic
 D - a potion of resistance
 E - 4 potions of mutation
Comestibles
 l - 20 rations


   Skills:
 + Level 12.1 Fighting
 - Level 14.0 Maces & Flails
 - Level 9.0 Armour
 - Level 10.0 Dodging
 - Level 15.1 Shields
 - Level 12.2 Invocations
 - Level 5.1 Evocations


You had 15 spell levels left.
You didn't know any spells.
Your spell library contained the following spells:

 Spells                   Type           Power        Failure   Level  Hunger
 Beastly Appendage        Tmut           #.....       17%         1    ##.....
 Corona                   Hex            #......      17%         1    ##.....
 Magic Dart               Conj           #...         17%         1    ##.....
 Sandblast                Erth           #.....       17%         1    ##.....
 Sting                    Conj/Pois      #...         17%         1    ##.....
 Summon Small Mammal      Summ           #...         17%         1    ##.....
 Blink                    Tloc           N/A          26%         2    ###....
 Call Imp                 Summ           #.......     26%         2    ###....
 Ensorcelled Hibernation  Hex/Ice        #.....       26%         2    ###....
 Passwall                 Tmut/Erth      #.......     26%         2    ###....
 Poisonous Vapours        Pois/Air       #.....       26%         2    ###....
 Slow                     Hex            #.......     26%         2    ###....
 Sticks to Snakes         Tmut           #.......     26%         2    ###....
 Call Canine Familiar     Summ           #.......     45%         3    ####...
 Confuse                  Hex            #.......     45%         3    ####...
 Conjure Flame            Conj/Fire      #.......     45%         3    ####...
 Dazzling Spray           Conj/Hex       #.....       45%         3    ####...
 Mephitic Cloud           Conj/Pois/Air  #.......     45%         3    ####...
 Spider Form              Tmut/Pois      #.........   45%         3    ####...
 Stone Arrow              Conj/Erth      #.....       45%         3    ####...
 Summon Guardian Golem    Hex/Summ       #.......     45%         3    ####...
 Tukima's Dance           Hex            #.......     45%         3    ####...
 Ice Form                 Ice/Tmut       #.......     86%         4    #####..
 Olgreb's Toxic Radiance  Pois           #.......     86%         4    #####..
 Petrify                  Tmut/Erth      #.......     86%         4    #####..
 Summon Ice Beast         Ice/Summ       #.......     86%         4    #####..
 Summon Lightning Spire   Summ/Air       #.......     86%         4    #####..
 Blade Hands              Tmut           #.........   99%         5    ######.
 Lee's Rapid Deconstruct  Erth           #.........   99%         5    ######.
 Venom Bolt               Conj/Pois      #.........   99%         5    ######.


Dungeon Overview and Level Annotations

Branches:
Dungeon (11/15)            Temple (1/1) D:4            Lair (6/6) D:11
  Swamp (1/4) Lair:4        Snake (3/4) Lair:2        Slime (0/5) Lair:6
    Orc (2/2) D:9             Elf (0/3) Orc:2

Altars:
Ashenzari
Cheibriados
Dithmenos
Elyvilon
Fedhas
Gozag
Hepliaklqana
Kikubaaqudgha
Makhleb
Nemelex Xobeh
Okawaru
Qazlal
Ru
Sif Muna
Trog
Uskayaw
Vehumet
Wu Jian
Xom
Yredelemnul
Zin
The Shining One
Jiyva

Shops:
D:11 [   Orc:1 (   Orc:2 :(!   Snake:1 %

Portals:
Pandemonium: Orc:2


Innate Abilities, Weirdness & Mutations

You are resistant to torment.
Your stone body is resilient. (AC +12)
You are immune to poison.
Your large and strong wings let you fly indefinitely.
You resist negative energy. (rN+)
You are resistant to electric shocks. (rElec)
You can survive without breathing.
You are immune to petrification.
You are immune to rotting.


Message History

* * * LOW HITPOINT WARNING * * *
The naga warrior grabs you.
* * * LOW HITPOINT WARNING * * *
The naga warrior constricts you.
You sock the naga warrior!
The naga warrior is moderately wounded.
You block the naga warrior's attack. The naga warrior constricts you.
You barely miss the naga warrior.
The naga warrior is moderately wounded.
The naga warrior looks more healthy.
Unknown command.
You feel better.
The naga warrior hits you with a +0 dire flail!
* * * LOW HITPOINT WARNING * * *
The naga warrior constricts you.
You completely miss the naga warrior.
The naga warrior is moderately wounded.
The naga warrior hits you with a +0 dire flail!
* * * LOW HITPOINT WARNING * * *
You die...

##### ###'#.##...........##.
##...# #.....##...........##.
.....#######.....##...........##.
..........##.....####'#####......
._..#####.##.....# #.# #......
....# #)##.....# #.# #......
....# #.#####..# #.# #......
..### #.# #N[# #.# #...... ..(.#
#.# #.@# #.# #...... ###[# #.#
#### #.# ######. # #.# #.# #.# #.
# #.# #.# #.# #. # #.# #.# #.# #.
# #.# #.# #.# #. #.#
#.###########.# #. #.#
#.............# #. #.#
############### #.


You could see a naga warrior.

Vanquished Creatures
  Gastronok (Lair:1)
  A dire elephant (Lair:4)
  7 hydras
  2 catoblepae
  11 naga warriors
  4 anacondas
  4 two-headed ogres
  2 death yaks (Lair:5)
  7 orc high priests (Orc:2)
  A naga sharpshooter (Snake:2)
  3 shock serpents
  A sixfirhy (Orc:2)
  A salamander mystic (Snake:3)
  2 swamp dragons (Swamp:1)
  2 infernal demonspawn (Orc:2)
  2 naga ritualists (Snake:2)
  A lindwurm (Lair:4)
  4 mana vipers
  2 cyclopes
  9 orc knights
  3 orc sorcerers (Orc:2)
  An ugly thing (D:11)
  3 slime creatures (D:11)
  7 salamanders
  12 naga magi
  23 black mambas
  3 guardian serpents
  15 spiny frogs
  A torpor snail (Lair:4)
  8 komodo dragons
  4 rime drakes
  3 trolls
  A red devil (Orc:2)
  6 polar bears
  A queen bee (Lair:1)
  Grinder (D:6)
  2 tyrant leeches (Swamp:1)
  6 hornets
  24 blink frogs
  A bog body (Swamp:1)
  13 hippogriffs
  5 dream sheep
  23 spriggans
  17 yaks
  3 ynoxinuls (Orc:2)
  2 wraiths (D:11)
  2 basilisks
  Sigmund (D:6)
  5 wyverns
  Grum (D:8)
  A chaos spawn (Orc:2)
  A steam dragon (D:11)
  30 nagas
  3 wargs
  A soldier ant (D:10)
  6 water moccasins
  An acid dragon (D:10)
  6 porcupines
  A swamp drake (Swamp:1)
  43 orc warriors
  Purgy (Sewer)
  6 sky beasts
  4 black bears
  5 phantoms
  7 ice beasts
  2 necrophages
  8 boggarts
  2 centaurs
  10 ogres
  36 wolves
  2 big kobolds
  14 crocodiles
  13 bullfrogs
  A wyvern skeleton (D:10)
  5 scorpions
  32 killer bees
  2 electric eels (Lair:1)
  10 wights
  5 howler monkeys (D:7)
  2 bullfrog zombies
  3 crimson imps
  A centaur zombie (D:10)
  2 quasits
  A centaur skeleton (D:9)
  A gnoll shaman (D:9)
  27 orc priests
  4 hounds
  4 jellies
  28 orc wizards
  A bullfrog skeleton (D:10)
  2 iguanas
  10 worker ants
  A killer bee zombie (D:10)
  A hound zombie (D:5)
  A worker ant zombie (D:10)
  A howler monkey skeleton (D:10)
  13 adders
  4 gnolls (D:8)
  A shadow imp (D:8)
  An ooze (D:3)
  An adder zombie (D:8)
  An adder skeleton (D:5)
  5 worms
  A dart slug (D:3)
  6 leopard geckos
  114 orcs
  A ball python (D:4)
  8 giant cockroaches
  15 goblins
  10 hobgoblins
  10 jackals
  24 kobolds
  4 quokkas
  6 bats
  6 frilled lizards
  A leopard gecko skeleton (D:5)
  A leopard gecko zombie (D:8)
  12 rats
857 creatures vanquished.

Vanquished Creatures (collateral kills)
  An orc sorcerer (Orc:2)
  An orc warrior (Orc:2)
  An orc priest (Orc:2)
3 creatures vanquished.

Vanquished Creatures (others)
  A wizard (D:4)
  A naga (Snake:2)
  A big kobold (D:9)
  A howler monkey zombie (D:9)
  9 fungi
  10 plants
  3 toadstools (Lair:4)
26 creatures vanquished.

Grand Total: 886 creatures vanquished

Notes
Turn   | Place    | Note
-------+----------+-------------------------------------------
     0 | D:1      | poirepourri the Gargoyle Fighter began the quest for the
                  | Orb.
     0 | D:1      | Reached XP level 1. HP: 14/14 MP: 1/1
   144 | D:1      | Reached XP level 2. HP: 19/19 MP: 2/2
   422 | D:1      | Reached XP level 3. HP: 21/23 MP: 3/3
  1034 | D:3      | Reached XP level 4. HP: 26/28 MP: 4/4
  1829 | D:2      | Reached skill level 5 in Maces & Flails
  1829 | D:2      | Reached XP level 5. HP: 11/32 MP: 5/5
  1839 | D:2      | HP: 2/48 [something/magic dart (8)]
  2395 | D:3      | Reached XP level 6. HP: 25/37 MP: 6/6
  2583 | D:3      | Found a hazy altar of Hepliaklqana.
  3713 | D:4      | Found a bloodstained altar of Trog.
  3714 | D:4      | Noticed a wizard
  3720 | D:4      | Killed a wizard
  3939 | D:4      | Reached XP level 7. HP: 37/41 MP: 7/7
  4025 | D:4      | Found a staircase to the Ecumenical Temple.
  4093 | D:4      | Found a sacrificial altar of Ru.
  4199 | Temple   | Entered the Ecumenical Temple
  4406 | D:5      | Entered Level 5 of the Dungeon
  5421 | D:5      | Reached XP level 8. HP: 20/46 MP: 8/8
  6173 | D:6      | Noticed Sigmund
  6185 | D:6      | Killed Sigmund
  6185 | D:6      | Reached skill level 10 in Maces & Flails
  6297 | D:6      | Found a glowing drain.
  6304 | Sewer    | Entered a sewer
  6307 | Sewer    | Noticed Purgy
  6315 | Sewer    | Killed Purgy
  6537 | D:6      | Found a bloodstained altar of Trog.
  6561 | D:6      | Noticed Grinder
  6580 | D:6      | Killed Grinder
  6580 | D:6      | Reached skill level 5 in Fighting
  6588 | D:6      | Reached XP level 9. HP: 36/55 MP: 9/9
  8041 | D:7      | Identified the +10 mace "Tuhot" {venom, *Slow rN+ Str+10}
  8050 | D:7      | Found a snail-covered altar of Cheibriados.
  8062 | D:7      | Became a worshipper of Cheibriados the Contemplative
  8123 | D:8      | Reached skill level 10 in Fighting
  8129 | D:8      | Noticed Grum
  8525 | D:8      | Killed Grum
  8525 | D:8      | Reached XP level 10. HP: 68/68 MP: 10/10
  8540 | D:8      | Reached * piety under Cheibriados
  8613 | D:8      | Reached skill level 4 in Shields
  8661 | D:8      | Reached skill level 5 in Shields
  8782 | D:8      | Noticed a two-headed ogre
  8791 | D:8      | Killed a two-headed ogre
  8791 | D:8      | Reached skill level 6 in Shields
  9075 | D:8      | Reached skill level 7 in Shields
  9131 | D:8      | Reached ** piety under Cheibriados
  9298 | D:9      | Found a shimmering altar of Xom.
  9303 | D:9      | Reached skill level 8 in Shields
  9435 | D:9      | Reached skill level 9 in Shields
  9441 | D:9      | Reached *** piety under Cheibriados
  9462 | D:9      | Found a staircase to the Orcish Mines.
  9682 | D:9      | Reached XP level 11. HP: 74/74 MP: 11/11
  9716 | D:9      | Reached **** piety under Cheibriados
  9726 | D:9      | Reached skill level 10 in Shields
 10110 | D:10     | Entered Level 10 of the Dungeon
 10397 | D:10     | Reached skill level 11 in Shields
 10968 | D:10     | Noticed a two-headed ogre
 10971 | D:10     | Identified the +11 scimitar of the Sea {antimagic, +Blink}
 10975 | D:10     | Killed a two-headed ogre
 10975 | D:10     | Reached skill level 12 in Shields
 10992 | D:10     | Reached ***** piety under Cheibriados
 11034 | D:10     | Noticed a two-headed ogre
 11039 | D:10     | Killed a two-headed ogre
 11180 | D:10     | Noticed an orc knight
 11182 | D:10     | Noticed a manticore
 11182 | D:10     | Noticed a purple ugly thing
 11182 | D:10     | Noticed a deep elf mage
 11197 | D:10     | Killed an orc knight
 11197 | D:10     | Reached skill level 13 in Shields
 11466 | D:11     | Noticed a cyclops
 11473 | D:11     | Killed a cyclops
 11568 | D:11     | Found a staircase to the Lair.
 11684 | D:11     | Reached XP level 12. HP: 33/80 MP: 12/12
 11707 | D:11     | Reached skill level 14 in Shields
 12301 | D:11     | Found Vuguc's Antique Armour Emporium.
 12307 | D:11     | Bought a runed ring mail for 224 gold pieces
 12318 | D:11     | Noticed a two-headed ogre
 12324 | D:11     | Killed a two-headed ogre
 12711 | Lair:1   | Entered Level 1 of the Lair of Beasts
 12857 | Lair:1   | Noticed a six-headed hydra
 12866 | Lair:1   | Killed a six-headed hydra
 12866 | Lair:1   | Reached skill level 15 in Shields
 13213 | Lair:1   | Reached skill level 5 in Armour
 13389 | Lair:1   | Noticed Gastronok
 13408 | Lair:1   | Killed Gastronok
 13511 | Lair:1   | Reached skill level 1 in Dodging
 13593 | Lair:1   | Reached XP level 13. HP: 63/84 MP: 13/13
 13816 | Lair:1   | Reached ****** piety under Cheibriados
 14113 | Lair:2   | Found a staircase to the Snake Pit.
 14909 | Lair:3   | Reached skill level 5 in Dodging
 15999 | Lair:4   | Noticed a dire elephant
 16020 | Lair:4   | Found a runed translucent door.
 16150 | Lair:4   | Found a staircase to the Swamp.
 16453 | Lair:4   | Killed a dire elephant
 17192 | Lair:5   | Gained mutation: Your large and strong wings let you fly
                  | indefinitely. [Gargoyle growth]
 17192 | Lair:5   | Reached XP level 14. HP: 75/90 MP: 14/14
 17410 | Lair:5   | Reached skill level 10 in Dodging
 18293 | Lair:6   | Entered Level 6 of the Lair of Beasts
 18486 | Lair:6   | Found a viscous altar of Jiyva.
 18487 | Lair:6   | Found a staircase to the Slime Pits.
 19293 | Lair:6   | Got a fine morningstar
 19389 | Lair:6   | Identified the cursed +3 morningstar "Extudatt" {pain,
                  | Str+3} (You found it on level 6 of the Lair of Beasts)
 19665 | Orc:1    | Entered Level 1 of the Orcish Mines
 19665 | Orc:1    | Found a flagged portal.
 19682 | Bailey   | Entered a bailey
 19748 | Bailey   | Found an iron altar of Okawaru.
 19957 | Orc:1    | Found Yhuzeih's Antique Weapon Emporium.
 20512 | Orc:2    | Entered Level 2 of the Orcish Mines
 20644 | Orc:2    | Found a staircase to the Elven Halls.
 20664 | Orc:2    | Reached XP level 15. HP: 94/94 MP: 15/15
 21208 | Orc:2    | Reached skill level 1 in Invocations
 21232 | Orc:2    | Found Luclufy's Distillery.
 21245 | Orc:2    | Found Udou's Magic Scroll Emporium.
 21356 | Orc:2    | Bought a potion of heal wounds for 75 gold pieces
 21356 | Orc:2    | Bought a potion of heal wounds for 75 gold pieces
 21356 | Orc:2    | Bought a potion of curing for 45 gold pieces
 21356 | Orc:2    | Bought a potion of curing for 45 gold pieces
 21356 | Orc:2    | Bought a potion of curing for 45 gold pieces
 21356 | Orc:2    | Bought a potion of curing for 45 gold pieces
 21356 | Orc:2    | Bought a potion of curing for 45 gold pieces
 21444 | Orc:2    | Reached skill level 5 in Invocations
 21843 | Orc:2    | Found Ecru's Book Boutique.
 21843 | Orc:2    | Found Xerilal's Antique Weapon Shop.
 21843 | Orc:2    | Found a one-way gate leading to the halls of Pandemonium.
 22543 | Swamp:1  | Entered Level 1 of the Swamp
 22683 | Snake:1  | Entered Level 1 of the Snake Pit
 22928 | Snake:1  | Reached skill level 10 in Invocations
 23208 | Snake:1  | Found Wossegusu's Food Shoppe.
 23360 | Snake:1  | Got a jewelled ring mail
 23371 | Snake:1  | Identified the +3 ring mail of Gozag's Outrage {rElec Dex+2
                  | SInv} (You found it on level 1 of the Snake Pit)
 23373 | Snake:1  | Bought a ration for 65 gold pieces
 23373 | Snake:1  | Bought a ration for 65 gold pieces
 24409 | Orc:1    | Bought a smoking war axe for 229 gold pieces
 24409 | Orc:1    | Identified the +6 war axe "Gepreadd" {pain, MR+ Int+4
                  | Dex+9} (You bought it in a shop on level 1 of the Orcish
                  | Mines)
 24677 | Snake:2  | Reached XP level 16. HP: 26/100 MP: 24/24
 25100 | Snake:2  | Reached skill level 1 in Evocations
 25830 | Snake:2  | Found a glowing golden altar of the Shining One.
 25895 | Snake:2  | Reached skill level 5 in Evocations
 26953 | Snake:2  | HP: 1/101 [naga warrior/+0 dire flail (16)]
 26953 | Snake:2  | Slain by a naga warrior

Skill      XL: |  1  2  3  4  5  6  7  8  9 10 11 12 13 14 15 16 |
---------------+-------------------------------------------------+-----
Maces & Flails | 3 4 5 6 7 9 10 13 14 | 14.0
Fighting       | 6 10 11 12 | 12.1
Shields        | 9 13 15 | 15.1
Armour         | 9 |  9.0
Dodging        | 2 9 10 | 10.0
Invocations    | 11 12 | 12.2
Evocations     | 5 |  5.1

Action                   |  1- 3 |  4- 6 |  7- 9 | 10-12 | 13-15 | 16-18 || total
-------------------------+-------+-------+-------+-------+-------+-------++-------
Melee: Flail             |   165 |   226 |   407 |       |       |       ||   798
       Mace              |       |       |    23 |   622 |  1494 |   328 ||  2467
       War axe           |       |       |       |       |    28 |     2 ||    30
Throw: Tomahawk          |       |     4 |       |       |       |       ||     4
       Javelin           |       |       |       |       |     2 |       ||     2
Invok: Slouch            |       |       |       |     1 |     3 |       ||     4
Evoke: Wand              |       |       |     1 |     2 |    20 |     1 ||    24
  Use: Potion            |     1 |     3 |     1 |     4 |    12 |     9 ||    30
       Scroll            |     7 |     1 |    12 |    10 |    12 |     2 ||    44
 Stab: Sleeping          |       |       |       |     1 |     2 |     1 ||     4
       Distracted        |       |       |       |       |     3 |     1 ||     4
       Petrified         |       |       |       |       |     8 |       ||     8
       Petrifying        |       |       |       |       |     1 |       ||     1
       Paralysed         |       |       |       |       |     3 |       ||     3
       Fleeing           |       |       |       |       |       |     1 ||     1
  Eat: Ration            |     1 |     2 |     5 |     2 |     7 |     2 ||    19
       Chunk             |       |     2 |     1 |       |       |       ||     3
Armor: Scale mail        |   116 |   156 |   261 |   166 |       |       ||   699
       Skin              |       |    27 |       |       |       |       ||    27
       Ring mail         |       |       |       |    56 |   356 |    93 ||   505
Dodge: Dodged            |    78 |    88 |   159 |   139 |   935 |   305 ||  1704
Block: Shield            |    98 |   171 |   228 |   509 |  1726 |   508 ||  3240
